Workbook

Sheet Dados
E1: Data atualização: | F1: =NOW() -> 46120.877
B3: Operação - Estado | C3: Em Execução
B4: Operação - Código | C4: POSEUR-02-1810-FC-000366
B6: Eixo Prioritário | C6: Prioridade Investimento - Designação | D6: Aviso - Código | E6: Aviso - Designação | F6: Operação - Designação | G6: Operação - Nome Beneficiário Principal | H6: Operação - Descrição | I6: Operação - Objetivos | J6: Operação - Data Início Prevista | K6: Operação - Data Fim Prevista | L6: Operação - Data Início Efetiva | M6: Operação - Data Fim Efetiva | N6: Operações - Mont. Total de Investimento Analisado | O6: Operações - Mont. Não Elegível Analisado | P6: Operações - Mont. Elegível Não Comp. Analisado | Q6: Operações - Mont. Elegível Bruto Analisado | R6: Operações - Mont. Elegível Analisado | S6: Operações - Taxa Co-Financiamento Analisado | T6: Operações - Mont. de Fundo de Coesão Analisado | U6: Operações - Mont. Total do Investimento Executado | V6: Operações - Mont. Não Elegível Executado | W6: Operações - Mont. Elegível Não Comp. Executado | X6: Operações - Mont. Elegível Bruto Executado | Y6: Operações - Mont. Elegível Executado | Z6: Operações - Mont. de Fundo de Coesão Executado
B10: Operação - Estado | C10: Em Execução
B11: Operação - Código | C11: POSEUR-02-1810-FC-000366
B13: Flag Geradora Receitas | C13: Operações - Mont. Total de Investimento Analisado | D13: Operações - Taxa Forfetária Analisado | E13: Operações - Mont. de Custos Operacionais Analisado | F13: Operações - Mont. de Despesas Elegíveis Atualizadas Analisado | G13: Operações - Mont. de Receitas Analisado | H13: Operações - Mont. de Receitas Líquidas Analisado | I13: Operações - Mont. do Valor Residual Analisado | J13: Operações - Mont. Total Excluindo Contingências Analisado | K13: Operações - Taxa Pro Rata da Receita Líquida Atualizada Analisado
B16: Operação - Estado | C16: Em Execução
B17: Operação - Código | C17: POSEUR-02-1810-FC-000366
B19: Código Indicador | C19: Operação Indicador - Indicador | D19: Operação Indicador - Tipo Indicador | E19: Operação Indicador - Flag Contratualizar | F19: Operação Indicador - Unidade | G19: Operação Indicador - Ano Alvo | H19: Operação Indicador - Observações | I19: Operações Indicadores - Valor de Referência | J19: Operações Indicadores - Meta
B66: Reporte Indicador - Estado | C66: Validado
B67: Operação - Estado | C67: Em Execução
B68: Operação - Código | C68: POSEUR-02-1810-FC-000366
B70: Código Indicador | C70: Flag Reporte Relatório Final | D70: Operações Indicadores - Execução Atual
B126: Operação - Estado | C126: Em Execução
B127: Operação - Código | C127: POSEUR-02-1810-FC-000366
B129: Componente Investimento | C129: Operações Componentes - Mont. Total do Investimento | D129: Operações Componentes - Mont. Não Elegível | E129: Operações Componentes - Mont. Elegível | F129: Operações Componentes - Mont. Elegível Bruto | G129: Operações Componentes - Mont. Elegível Não Comp.
B150: Operação - Estado | C150: Em Execução
B151: Operação - Código | C151: POSEUR-02-1810-FC-000366
B153: Contrato - Código | C153: Contrato Operação - Componente | D153: Contrato - Estado | E153: Contrato - Designação | F153: Contrato Operação - Fornecedor | G153: Contratos Componentes - Mont. Imputado Com IVA | H153: Contratos Componentes - Mont. Não Elegível | I153: Contratos Componentes - Mont. Elegível Bruto | J153: Contratos Componentes - Mont. Elegível | K153: Contratos Componentes - Mont. Total Executado | L153: Contratos Componentes - Mont. Não Elegível Executado | M153: Contratos Componentes - Mont. Elegível Bruto Executado | N153: Contratos Componentes - Mont. Elegível Executado
A154: =CONCATENATE(B154,C154,F154) | P154: POSEUR-03-1911-FC-000098
A155: =CONCATENATE(B155,C155,F155) | P155: POSEUR-03-2012-FC-000034
A156: =CONCATENATE(B156,C156,F156) | P156: POSEUR-03-2012-FC-000224
A157: =CONCATENATE(B157,C157,F157) | P157: POSEUR-03-2012-FC-000268
A158: =CONCATENATE(B158,C158,F158) | P158: POSEUR-03-2012-FC-000383
A159: =CONCATENATE(B159,C159,F159) | P159: POSEUR-03-2012-FC-000545
A160: =CONCATENATE(B160,C160,F160) | P160: POSEUR-03-2012-FC-000590
A161: =CONCATENATE(B161,C161,F161) | P161: POSEUR-03-2012-FC-000715
A162: =CONCATENATE(B162,C162,F162) | P162: POSEUR-03-2012-FC-000735
A163: =CONCATENATE(B163,C163,F163)
A164: =CONCATENATE(B164,C164,F164)
A165: =CONCATENATE(B165,C165,F165)
A166: =CONCATENATE(B166,C166,F166)
A167: =CONCATENATE(B167,C167,F167)
A168: =CONCATENATE(B168,C168,F168)
A169: =CONCATENATE(B169,C169,F169)
A170: =CONCATENATE(B170,C170,F170)
A171: =CONCATENATE(B171,C171,F171)
A172: =CONCATENATE(B172,C172,F172)
A173: =CONCATENATE(B173,C173,F173)
A174: =CONCATENATE(B174,C174,F174)
... A1094: =CONCATENATE(B1094,C1094,F1094)

Sheet Contratos
E1: Data atualização: | F1: =NOW() -> 46120.877
B6: Contrato - Código | C6: Contrato - Designação | D6: Contratos - Mont. Total | E6: Contratos - Mont. Adjudicado
B7: CNT-000001 | C7: Consultoria para elaboração do EVEF | D7: 11377.5 | E7: 9250
B8: CNT-000003 | C8: ETAR – Tratamento Secundário | D8: 15470398 | E8: 13899729
B9: CNT-000005 | C9: Despesas com o Pessoal | D9: 13759188 | E9: 13759188
B10: CNT-000006 | C10: Elaboração da Descrição do Sistema de Gestão e Controlo do Programa Operacional Sustentabilidade e Eficiência no Uso de Recursos (DSGC) | D10: 76752 | E10: 62400
B11: CNT-000007 | C11: Construção da ETAR de NElas III e Sistema Intercetor - Projecto da Nova ETAR | D11: 79950 | E11: 65000
B12: CNT-000008 | C12: Construção da ETAR de Nelas III e Sistema Intercetor - Projecto de Sistemas de Drenagem de Ligação de Ligação da Nova ETAR de Nelas | D12: 86100.01 | E12: 70000.01
B13: CNT-000009 | C13: Construção da ETAR de Nelas III e Sistema Intercetor - Elaboração da analise Custo-beneficio (ACB) incluindo estudo de viabilidade financeira (EVEF) | D13: 5781 | E13: 4700
B14: CNT-000010 | C14: Elaboração dos Projectos de Execução para a Remodelação da ETAR das Courelas e da ETAR Quinta do Seixo | D14: 68264 | E14: 68264
B15: CNT-000011 | C15: Elaboração dos Projectos de Execução para a Remodelação da ETAR das Courelas e da ETAR Quinta do Seixo | D15: 68264 | E15: 68264
B16: CNT-000012 | C16: Serviços de consultoria técnica especializada para a “Elaboração de uma estratégia para o uso eficiente de recursos” | D16: 61426.2 | E16: 49940
B17: CNT-000013 | C17: “Criação, desenvolvimento e implementação do website do Programa Operacional da Sustentabilidade e Eficiência no Uso de Recursos (PO SEUR)” | D17: 92127 | E17: 74900
B18: CNT-000014 | C18: Adaptação do Sistema de Informação do POVT para o Programa Operacional da Sustentabilidade e Eficiência no Uso de Recursos (POSEUR) e Interoperabilidade com o Sistema de Informação do Portugal 2020. | D18: 91758 | E18: 74600
... B12869: CNT-206645 | C12869: Empreitada de Regularização do Rio Arunca - Trabalhos complementares | D12869: 469566.95 | E12869: 381761.75
B12870: CNT-206657 | C12870: Constituição de Servidão Administrativa | D12870: 806
B12871: CNT-206664 | C12871: Constituição de Servidão Administrativa | D12871: 31188
B12872: CNT-206665 | C12872: Folha Manual 17/2023 - Sandra Marina Miranda dos Santos Nunes | D12872: 679.96 | E12872: 679.96
B12873: CNT-206669 | C12873: Folha Manual 18/2023 - Sara Beatriz Rodrigues da Rocha | D12873: 618.58 | E12873: 618.58
B12874: CNT-206671 | C12874: Folha Manual 19/2023 - Pedro Luis Calado Galguinho | D12874: 701.18 | E12874: 701.18
B12875: CNT-206673 | C12875: Constituição de Servidão Administrativa | D12875: 207.9
B12876: CNT-206675 | C12876: Folha Manual 20/2023 - Maria Manuela Araújo de Matos | D12876: 8649.67 | E12876: 8649.67
B12877: CNT-206677 | C12877: Folha Manual 21/2023 - José Roque de Pinho Marques Guedes | D12877: 8623.12 | E12877: 8623.12
B12878: CNT-206679 | C12878: Constituição de Servidão Administrativa | D12878: 132.3
B12879: CNT-206681 | C12879: Constituição de Servidão Administrativa | D12879: 3829.58 | E12879: 0
B12880: CNT-206683 | C12880: Constituição de Servidão Administrativa | D12880: 833.3 | E12880: 0
B12881: CNT-206687 | C12881: Constituição de Servidão Administrativa | D12881: 239
B12882: CNT-206688 | C12882: Constituição de Servidão Administrativa | D12882: 103.95
B12883: CNT-206690 | C12883: Empreitada de Estabilização das Arribas da Nazaré na zona do denominado “SÍTIO” e da envolvente da PLATAFORMA SUPERIOR DO ASCENSOR - trabalhos complementares proveniente de erros e omissões | D12883: 50193.23 | E12883: 40807.5
B12884: CNT-206691 | C12884: Constituição de Servidão Administrativa | D12884: 526.5
B12885: CNT-206692 | C12885: Constituição de Servidão Administrativa | D12885: 666.23 | E12885: 0
B12886: CNT-206694 | C12886: Constituição de Servidão Administrativa | D12886: 1039.89
B12887: CNT-206696 | C12887: Constituição de Servidão Administrativa | D12887: 275.63 | E12887: 0
B12888: CNT-206697 | C12888: Constituição de Servidão Administrativa | D12888: 807.63 | E12888: 0
B12889: CNT-206698 | C12889: Constituição de Servidão Administrativa | D12889: 4161 | E12889: 0
B12890: CNT-206699 | C12890: EMPREITADA LR - ADENDA 1 - TC TNP | D12890: 1330380.2 | E12890: 1330380.2
B12891: CNT-206700 | C12891: Constituição de Servidão Administrativa | D12891: 453.2
B12892: CNT-206703 | C12892: Constituição de Servidão Administrativa | D12892: 226.8
B12893: CNT-206712 | C12893: AVALIAÇÃO DAS PARCELAS DE TERRENO | D12893: 6119.25 | E12893: 4975
B12894: CNT-206714 | C12894: Constituição de Servidão | D12894: 126.45
B12895: CNT-206715 | C12895: EMPREITADA LA - ADENDA 1 - TC TNP | D12895: 3435751.9 | E12895: 3435751.9
B12896: CNT-206718 | C12896: Constituição de Servidão | D12896: 118.95
B12897: CNT-206720 | C12897: Constituição de Servidão Administrativa | D12897: 103.95
B12898: CNT-206723 | C12898: Constituição de Servidão Administrativa | D12898: 1293.4
B12899: CNT-206725 | C12899: Constituição de Servidão Administrativa | D12899: 241.75
B12900: CNT-206727 | C12900: Constituição de Servidão Administrativa | D12900: 569.75
B12901: CNT-206730 | C12901: Constituição de Servidão Administrativa | D12901: 271.22
B12902: CNT-206731 | C12902: Constituição de Servidão Administrativa | D12902: 561.05
B12903: CNT-206732 | C12903: Constituição de Servidão Administrativa | D12903: 903.25
B12904: CNT-206733 | C12904: Constituição de Servidão Administrativa | D12904: 77.7
B12905: CNT-206734 | C12905: Constituição de Servidão Administrativa | D12905: 1995.51 | E12905: 1995.51
B12906: CNT-206736 | C12906: Constituição de Servidão Administrativa | D12906: 269.33
B12907: CNT-206737 | C12907: Constituição de Servidão Administrativa | D12907: 3031.05 | E12907: 0
B12908: CNT-206738 | C12908: Constituição de Servidão Administrativa | D12908: 289.6
B12909: CNT-206739 | C12909: Constituição de Servidão Administrativa | D12909: 276.8
B12910: CNT-206740 | C12910: Constituição de Servidão Administrativa | D12910: 375.83
B12911: CNT-206741 | C12911: Constituição de Servidão Administrativa | D12911: 203.18
B12912: CNT-206742 | C12912: Constituição de Servidão Administrativa | D12912: 349.65
B12913: CNT-206743 | C12913: Constituição de Servidão Administrativa | D12913: 359.1
B12914: CNT-206746 | C12914: Constituição de Servidão Administrativa | D12914: 127.58
B12915: CNT-206749 | C12915: Constituição de Servidão Administrativa | D12915: 484.7
B12916: CNT-206752 | C12916: Constituição de Servidão Administrativa | D12916: 292.95
B12917: CNT-206753 | C12917: Constituição de Servidão Administrativa | D12917: 134.2
B12918: CNT-206755 | C12918: PARCELA A - proprietário | D12918: 1638.1 | E12918: 1638.1
B12919: CNT-206756 | C12919: Constituição de Servidão Administrativa | D12919: 1324.72
B12920: CNT-206757 | C12920: Constituição de Servidão Administrativa | D12920: 583
B12921: CNT-206759 | C12921: PARCEL A/B - USUFRUTUÁRIOS | D12921: 104.85 | E12921: 0
B12922: CNT-206762 | C12922: PARCEL A/B - USUFRUTUÁRIOS | D12922: 104.86 | E12922: 0
B12923: CNT-206763 | C12923: Constituição de Servidão Administrativa | D12923: 657.55 | E12923: 0
B12924: CNT-206764 | C12924: PARCELA B - proprietário | D12924: 2007.62
B12925: CNT-206765 | C12925: Constituição de Servidão Administrativa | D12925: 118.99 | E12925: 0
B12926: CNT-206766 | C12926: Constituição de Servidão Administrativa | D12926: 456.35 | E12926: 0
B12927: CNT-206767 | C12927: Constituição de Servidão Administrativa | D12927: 34.49
B12928: CNT-206768 | C12928: Constituição de Servidão Administrativa | D12928: 321.3 | E12928: 0
B12929: CNT-206769 | C12929: Constituição de Servidão Administrativa | D12929: 1737.6 | E12929: 0
B12930: CNT-206770 | C12930: Constituição de Servidão Administrativa | D12930: 141.75
B12931: CNT-206772 | C12931: Constituição de Servidão Administrativa | D12931: 61.43
B12932: CNT-206774 | C12932: Constituição de Servidão Administrativa | D12932: 428.22
B12933: CNT-206775 | C12933: Constituição de Servidão Administrativa | D12933: 721.68
B12934: CNT-206776 | C12934: Constituição de Servidão Administrativa | D12934: 309.96
B12935: CNT-206777 | C12935: Constituição de Servidão Administrativa | D12935: 478.22
B12936: CNT-206778 | C12936: Constituição de Servidão Administrativa | D12936: 309.88
B12937: CNT-206784 | C12937: Implementação de sistemas de medição, controlo e gestão nos sistemas de abastecimento de água - 2.º Trabalhos complementares | D12937: 158936.2 | E12937: 158936.2
B12938: CNT-206848 | C12938: PARCELA B - proprietário | D12938: 2007.62 | E12938: 0
B12939: CNT-206853 | C12939: Constituição de Servidão Administrativa | D12939: 226.8
B12940: CNT-206858 | C12940: Constituição de Servidão Administrativa | D12940: 945
B12941: CNT-206860 | C12941: Constituição de Servidão Administrativa | D12941: 799.3
B12942: CNT-206861 | C12942: Constituição de Servidão Administrativa | D12942: 1095
B12943: CNT-206864 | C12943: Constituição de Servidão Administrativa | D12943: 1853.75
B12944: CNT-206865 | C12944: Constituição de Servidão Administrativa | D12944: 189.95
B12945: CNT-206870 | C12945: Constituição de Servidão Administrativa | D12945: 187.03
B12946: CNT-206872 | C12946: Constituição de Servidão Administrativa | D12946: 189.45
B12947: CNT-206874 | C12947: Constituição de Servidão Administrativa | D12947: 107.73
B12948: CNT-206876 | C12948: Constituição de Servidão Administrativa | D12948: 160.65
B12949: CNT-206881 | C12949: Constituição de Servidão Administrativa | D12949: 761.5
B12950: CNT-206882 | C12950: Constituição de Servidão Administrativa | D12950: 371.3
... B12959: CNT-206913 | C12959: Constituição de Servidão Administrativa | D12959: 274.9
B12960: CNT-206914 | C12960: Constituição de Servidão Administrativa | D12960: 969.4 | E12960: 0
B12961: CNT-206915 | C12961: Constituição de Servidão Administrativa | D12961: 201.2
B12962: CNT-206917 | C12962: Constituição de Servidão Administrativa | D12962: 135.05
...

Sheet R.Final OP
B6: Programa Temático para a Ação Climática e Sustentabilidade
E8: ANÁLISE RELATÓRIO FINAL
E11: Código da Operação
E13: Designação da operação
E15: Tipologia de Intervenção
E17: Tipologia de Operação
E19: Código do aviso
E21: Designação do aviso
E25: Designação do Beneficiário
B27: 1 - CARATERIZAÇÃO DA OPERAÇÃO
E30: 1.1 Descrição da implementação da operação
E32: Descrição da operação/Objetivos aprovados na última decisão em vigor
E33: =CONCATENATE(Dados!H7," ",Dados!I7)
E50: Descrição dos trabalhos realizados e dos principais objetivos alcançados com a concretização da operação
E69: ANÁLISE IMPLEMENTAÇÃO DA OPERAÇÃO E SUA ADEQUAÇÃO EM RELAÇÃO AO APROVADO (COM BASE NA ÚLTIMA DECISÃO)
B89: CALENDARIZAÇÃO DA OPERAÇÃO
E91: 1.2 Aprovado | W91: 1.3 Executado
F92: Período de Realização da Operação: | W92: Período de Realização da Operação:
E94: Data de Início | S94: Data de Conclusão | W94: Data de Inicio | AD94: Data de Conclusão
W95: (Data da primeira fatura ou documento de valor probatório equivalente) | AD95: (Data do último movimento bancário relativo ao pagamento)
D96: Observações | E96: Justificação dos desvios, se aplicável:
E100: ANÁLISE
B104: 2 - EXECUÇÃO FINANCEIRA DA OPERAÇÃO
E106: 2.1 Aprovado | W106: 2.2 Executado
E108: Custo Total do Investimento | U108: Euros | W108: Custo Total do Investimento | AH108: Euros
E110: Custo total Elegível | U110: Euros | W110: Custo total Elegível | AH110: Euros
E112: Custo total não elegivel | U112: Euros | W112: Custo total não elegivel | AH112: Euros
E114: Custo Total Elegível Não Financiado | U114: Euros | W114: Custo Total Elegível Não Financiado | AH114: Euros
E116: Pro Rata Receita Liquida actualizada/ Taxa Forfetária | R116: % | W116: Pro Rata Receita Liquida actualizada/Taxa Forfetária | AD116: %
E118: Custo Elegível Financiado | U118: Euros | W118: Custo Elegível Financiado | AH118: Euros
E120: Taxa de co-financiamento | W120: Taxa de co-financiamento | AD120: %
E122: Contribuição Fundo de Coesão | U122: Euros | W122: Contribuição Fundo de Coesão | AH122: Euros
W124: Contribuição Fundo de Coesão Pago | AH124: Euros
E128: Justificação dos desvios
E146: ANÁLISE EXECUÇÃO FINANCEIRA DA OPERAÇÃO
E160: 2.3 Execução por contrato
E163: Categoria de custo | H163: Procedimentos de Adjudicação | AD163: Execução | AL163: Outras informações (Data Auto Receção; Data conta final;
H165: Código Contrato | J165: Designação Contrato | O165: Fornecedor | U165: Valor Adjudicação | W165: Valor Imputado | X165: Custo Não Elegível | Z165: Custo Total Elegível | AC165: Custo elegível financiado | AD165: Valor Imputado | AE165: Custo Não Elegível | AG165: Custo Total Elegível | AH165: Custo elegível financiado | AJ165: Taxa de Execução
U167: (1) | W167: (2) | X167: (3) | Z167: (4) | AC167: (5) | AD167: (6) | AE167: (7) | AG167: (8) | AH167: (9) | AJ167: (10)=(9)/(5)
E168: =IF(Dados!C154=0,"",Dados!C154) | H168: =IF(Dados!B154=0,"",Dados!B154) | J168: =IF(VLOOKUP(CONCATENATE($H168,$E168,O168),Dados!$A$154:$N$1094,5,0)=0,"",VLOOKUP(CONCATENATE($H168,$E168,O168),Dados!$A$154:$N$1094,5,0)) | O168: =IF(Dados!F154=0,"",Dados!F154) | U168: =IFERROR(VLOOKUP($H168,Contratos!B7:E30000,4,0),"") | W168: =IF(VLOOKUP(CONCATENATE($H168,$E168,O168),Dados!$A$154:$N$1094,7,0)=0,"",VLOOKUP(CONCATENATE($H168,$E168,O168),Dados!$A$154:$N$1094,7,0)) | X168: =IF(VLOOKUP(CONCATENATE($H168,$E168,O168),Dados!$A$154:$N$1094,8,0)=0,"",VLOOKUP(CONCATENATE($H168,$E168,O168),Dados!$A$154:$N$1094,8,0)) | Z168: =IF(VLOOKUP(CONCATENATE($H168,$E168,O168),Dados!$A$154:$N$1094,9,0)=0,"",VLOOKUP(CONCATENATE($H168,$E168,O168),Dados!$A$154:$N$1094,9,0)) | AC168: =IF(VLOOKUP(CONCATENATE($H168,$E168,O168),Dados!$A$154:$N$1094,10,0)=0,"",VLOOKUP(CONCATENATE($H168,$E168,O168),Dados!$A$154:$N$1094,10,0)) | AD168: =IF(VLOOKUP(CONCATENATE($H168,$E168,O168),Dados!$A$154:$N$1094,11,0)=0,"",VLOOKUP(CONCATENATE($H168,$E168,O168),Dados!$A$154:$N$1094,11,0)) | AE168: =IF(VLOOKUP(CONCATENATE($H168,$E168,O168),Dados!$A$154:$N$1094,12,0)=0,"",VLOOKUP(CONCATENATE($H168,$E168,O168),Dados!$A$154:$N$1094,12,0)) | AG168: =IF(VLOOKUP(CONCATENATE($H168,$E168,O168),Dados!$A$154:$N$1094,13,0)=0,"",VLOOKUP(CONCATENATE($H168,$E168,O168),Dados!$A$154:$N$1094,13,0)) | AH168: =IF(VLOOKUP(CONCATENATE($H168,$E168,O168),Dados!$A$154:$N$1094,14,0)=0,"",VLOOKUP(CONCATENATE($H168,$E168,O168),Dados!$A$154:$N$1094,14,0)) | AJ168: =IFERROR(AH168/AC168,"")
E169: =IF(Dados!C155=0,"",Dados!C155) | H169: =IF(Dados!B155=0,"",Dados!B155) | J169: =IF(VLOOKUP(CONCATENATE($H169,$E169,O169),Dados!$A$154:$N$1094,5,0)=0,"",VLOOKUP(CONCATENATE($H169,$E169,O169),Dados!$A$154:$N$1094,5,0)) | O169: =IF(Dados!F155=0,"",Dados!F155) | U169: =IFERROR(VLOOKUP($H169,Contratos!B8:E30001,4,0),"") | W169: =IF(VLOOKUP(CONCATENATE($H169,$E169,O169),Dados!$A$154:$N$1094,7,0)=0,"",VLOOKUP(CONCATENATE($H169,$E169,O169),Dados!$A$154:$N$1094,7,0)) | X169: =IF(VLOOKUP(CONCATENATE($H169,$E169,O169),Dados!$A$154:$N$1094,8,0)=0,"",VLOOKUP(CONCATENATE($H169,$E169,O169),Dados!$A$154:$N$1094,8,0)) | Z169: =IF(VLOOKUP(CONCATENATE($H169,$E169,O169),Dados!$A$154:$N$1094,9,0)=0,"",VLOOKUP(CONCATENATE($H169,$E169,O169),Dados!$A$154:$N$1094,9,0)) | AC169: =IF(VLOOKUP(CONCATENATE($H169,$E169,O169),Dados!$A$154:$N$1094,10,0)=0,"",VLOOKUP(CONCATENATE($H169,$E169,O169),Dados!$A$154:$N$1094,10,0)) | AD169: =IF(VLOOKUP(CONCATENATE($H169,$E169,O169),Dados!$A$154:$N$1094,11,0)=0,"",VLOOKUP(CONCATENATE($H169,$E169,O169),Dados!$A$154:$N$1094,11,0)) | AE169: =IF(VLOOKUP(CONCATENATE($H169,$E169,O169),Dados!$A$154:$N$1094,12,0)=0,"",VLOOKUP(CONCATENATE($H169,$E169,O169),Dados!$A$154:$N$1094,12,0)) | AG169: =IF(VLOOKUP(CONCATENATE($H169,$E169,O169),Dados!$A$154:$N$1094,13,0)=0,"",VLOOKUP(CONCATENATE($H169,$E169,O169),Dados!$A$154:$N$1094,13,0)) | AH169: =IF(VLOOKUP(CONCATENATE($H169,$E169,O169),Dados!$A$154:$N$1094,14,0)=0,"",VLOOKUP(CONCATENATE($H169,$E169,O169),Dados!$A$154:$N$1094,14,0)) | AJ169: =IFERROR(AH169/AC169,"")
E170: =IF(Dados!C156=0,"",Dados!C156) | H170: =IF(Dados!B156=0,"",Dados!B156) | J170: =IF(VLOOKUP(CONCATENATE($H170,$E170,O170),Dados!$A$154:$N$1094,5,0)=0,"",VLOOKUP(CONCATENATE($H170,$E170,O170),Dados!$A$154:$N$1094,5,0)) | O170: =IF(Dados!F156=0,"",Dados!F156) | U170: =IFERROR(VLOOKUP($H170,Contratos!B9:E30002,4,0),"") | W170: =IF(VLOOKUP(CONCATENATE($H170,$E170,O170),Dados!$A$154:$N$1094,7,0)=0,"",VLOOKUP(CONCATENATE($H170,$E170,O170),Dados!$A$154:$N$1094,7,0)) | X170: =IF(VLOOKUP(CONCATENATE($H170,$E170,O170),Dados!$A$154:$N$1094,8,0)=0,"",VLOOKUP(CONCATENATE($H170,$E170,O170),Dados!$A$154:$N$1094,8,0)) | Z170: =IF(VLOOKUP(CONCATENATE($H170,$E170,O170),Dados!$A$154:$N$1094,9,0)=0,"",VLOOKUP(CONCATENATE($H170,$E170,O170),Dados!$A$154:$N$1094,9,0)) | AC170: =IF(VLOOKUP(CONCATENATE($H170,$E170,O170),Dados!$A$154:$N$1094,10,0)=0,"",VLOOKUP(CONCATENATE($H170,$E170,O170),Dados!$A$154:$N$1094,10,0)) | AD170: =IF(VLOOKUP(CONCATENATE($H170,$E170,O170),Dados!$A$154:$N$1094,11,0)=0,"",VLOOKUP(CONCATENATE($H170,$E170,O170),Dados!$A$154:$N$1094,11,0)) | AE170: =IF(VLOOKUP(CONCATENATE($H170,$E170,O170),Dados!$A$154:$N$1094,12,0)=0,"",VLOOKUP(CONCATENATE($H170,$E170,O170),Dados!$A$154:$N$1094,12,0)) | AG170: =IF(VLOOKUP(CONCATENATE($H170,$E170,O170),Dados!$A$154:$N$1094,13,0)=0,"",VLOOKUP(CONCATENATE($H170,$E170,O170),Dados!$A$154:$N$1094,13,0)) | AH170: =IF(VLOOKUP(CONCATENATE($H170,$E170,O170),Dados!$A$154:$N$1094,14,0)=0,"",VLOOKUP(CONCATENATE($H170,$E170,O170),Dados!$A$154:$N$1094,14,0)) | AJ170: =IFERROR(AH170/AC170,"")
E171: =IF(Dados!C157=0,"",Dados!C157) | H171: =IF(Dados!B157=0,"",Dados!B157) | J171: =IF(VLOOKUP(CONCATENATE($H171,$E171,O171),Dados!$A$154:$N$1094,5,0)=0,"",VLOOKUP(CONCATENATE($H171,$E171,O171),Dados!$A$154:$N$1094,5,0)) | O171: =IF(Dados!F157=0,"",Dados!F157) | U171: =IFERROR(VLOOKUP($H171,Contratos!B10:E30003,4,0),"") | W171: =IF(VLOOKUP(CONCATENATE($H171,$E171,O171),Dados!$A$154:$N$1094,7,0)=0,"",VLOOKUP(CONCATENATE($H171,$E171,O171),Dados!$A$154:$N$1094,7,0)) | X171: =IF(VLOOKUP(CONCATENATE($H171,$E171,O171),Dados!$A$154:$N$1094,8,0)=0,"",VLOOKUP(CONCATENATE($H171,$E171,O171),Dados!$A$154:$N$1094,8,0)) | Z171: =IF(VLOOKUP(CONCATENATE($H171,$E171,O171),Dados!$A$154:$N$1094,9,0)=0,"",VLOOKUP(CONCATENATE($H171,$E171,O171),Dados!$A$154:$N$1094,9,0)) | AC171: =IF(VLOOKUP(CONCATENATE($H171,$E171,O171),Dados!$A$154:$N$1094,10,0)=0,"",VLOOKUP(CONCATENATE($H171,$E171,O171),Dados!$A$154:$N$1094,10,0)) | AD171: =IF(VLOOKUP(CONCATENATE($H171,$E171,O171),Dados!$A$154:$N$1094,11,0)=0,"",VLOOKUP(CONCATENATE($H171,$E171,O171),Dados!$A$154:$N$1094,11,0)) | AE171: =IF(VLOOKUP(CONCATENATE($H171,$E171,O171),Dados!$A$154:$N$1094,12,0)=0,"",VLOOKUP(CONCATENATE($H171,$E171,O171),Dados!$A$154:$N$1094,12,0)) | AG171: =IF(VLOOKUP(CONCATENATE($H171,$E171,O171),Dados!$A$154:$N$1094,13,0)=0,"",VLOOKUP(CONCATENATE($H171,$E171,O171),Dados!$A$154:$N$1094,13,0)) | AH171: =IF(VLOOKUP(CONCATENATE($H171,$E171,O171),Dados!$A$154:$N$1094,14,0)=0,"",VLOOKUP(CONCATENATE($H171,$E171,O171),Dados!$A$154:$N$1094,14,0)) | AJ171: =IFERROR(AH171/AC171,"")
E172: =IF(Dados!C158=0,"",Dados!C158) | H172: =IF(Dados!B158=0,"",Dados!B158) | J172: =IF(VLOOKUP(CONCATENATE($H172,$E172,O172),Dados!$A$154:$N$1094,5,0)=0,"",VLOOKUP(CONCATENATE($H172,$E172,O172),Dados!$A$154:$N$1094,5,0)) | O172: =IF(Dados!F158=0,"",Dados!F158) | U172: =IFERROR(VLOOKUP($H172,Contratos!B11:E30004,4,0),"") | W172: =IF(VLOOKUP(CONCATENATE($H172,$E172,O172),Dados!$A$154:$N$1094,7,0)=0,"",VLOOKUP(CONCATENATE($H172,$E172,O172),Dados!$A$154:$N$1094,7,0)) | X172: =IF(VLOOKUP(CONCATENATE($H172,$E172,O172),Dados!$A$154:$N$1094,8,0)=0,"",VLOOKUP(CONCATENATE($H172,$E172,O172),Dados!$A$154:$N$1094,8,0)) | Z172: =IF(VLOOKUP(CONCATENATE($H172,$E172,O172),Dados!$A$154:$N$1094,9,0)=0,"",VLOOKUP(CONCATENATE($H172,$E172,O172),Dados!$A$154:$N$1094,9,0)) | AC172: =IF(VLOOKUP(CONCATENATE($H172,$E172,O172),Dados!$A$154:$N$1094,10,0)=0,"",VLOOKUP(CONCATENATE($H172,$E172,O172),Dados!$A$154:$N$1094,10,0)) | AD172: =IF(VLOOKUP(CONCATENATE($H172,$E172,O172),Dados!$A$154:$N$1094,11,0)=0,"",VLOOKUP(CONCATENATE($H172,$E172,O172),Dados!$A$154:$N$1094,11,0)) | AE172: =IF(VLOOKUP(CONCATENATE($H172,$E172,O172),Dados!$A$154:$N$1094,12,0)=0,"",VLOOKUP(CONCATENATE($H172,$E172,O172),Dados!$A$154:$N$1094,12,0)) | AG172: =IF(VLOOKUP(CONCATENATE($H172,$E172,O172),Dados!$A$154:$N$1094,13,0)=0,"",VLOOKUP(CONCATENATE($H172,$E172,O172),Dados!$A$154:$N$1094,13,0)) | AH172: =IF(VLOOKUP(CONCATENATE($H172,$E172,O172),Dados!$A$154:$N$1094,14,0)=0,"",VLOOKUP(CONCATENATE($H172,$E172,O172),Dados!$A$154:$N$1094,14,0)) | AJ172: =IFERROR(AH172/AC172,"")
E173: =IF(Dados!C159=0,"",Dados!C159) | H173: =IF(Dados!B159=0,"",Dados!B159) | J173: =IF(VLOOKUP(CONCATENATE($H173,$E173,O173),Dados!$A$154:$N$1094,5,0)=0,"",VLOOKUP(CONCATENATE($H173,$E173,O173),Dados!$A$154:$N$1094,5,0)) | O173: =IF(Dados!F159=0,"",Dados!F159) | U173: =IFERROR(VLOOKUP($H173,Contratos!B12:E30005,4,0),"") | W173: =IF(VLOOKUP(CONCATENATE($H173,$E173,O173),Dados!$A$154:$N$1094,7,0)=0,"",VLOOKUP(CONCATENATE($H173,$E173,O173),Dados!$A$154:$N$1094,7,0)) | X173: =IF(VLOOKUP(CONCATENATE($H173,$E173,O173),Dados!$A$154:$N$1094,8,0)=0,"",VLOOKUP(CONCATENATE($H173,$E173,O173),Dados!$A$154:$N$1094,8,0)) | Z173: =IF(VLOOKUP(CONCATENATE($H173,$E173,O173),Dados!$A$154:$N$1094,9,0)=0,"",VLOOKUP(CONCATENATE($H173,$E173,O173),Dados!$A$154:$N$1094,9,0)) | AC173: =IF(VLOOKUP(CONCATENATE($H173,$E173,O173),Dados!$A$154:$N$1094,10,0)=0,"",VLOOKUP(CONCATENATE($H173,$E173,O173),Dados!$A$154:$N$1094,10,0)) | AD173: =IF(VLOOKUP(CONCATENATE($H173,$E173,O173),Dados!$A$154:$N$1094,11,0)=0,"",VLOOKUP(CONCATENATE($H173,$E173,O173),Dados!$A$154:$N$1094,11,0)) | AE173: =IF(VLOOKUP(CONCATENATE($H173,$E173,O173),Dados!$A$154:$N$1094,12,0)=0,"",VLOOKUP(CONCATENATE($H173,$E173,O173),Dados!$A$154:$N$1094,12,0)) | AG173: =IF(VLOOKUP(CONCATENATE($H173,$E173,O173),Dados!$A$154:$N$1094,13,0)=0,"",VLOOKUP(CONCATENATE($H173,$E173,O173),Dados!$A$154:$N$1094,13,0)) | AH173: =IF(VLOOKUP(CONCATENATE($H173,$E173,O173),Dados!$A$154:$N$1094,14,0)=0,"",VLOOKUP(CONCATENATE($H173,$E173,O173),Dados!$A$154:$N$1094,14,0)) | AJ173: =IFERROR(AH173/AC173,"")
E174: =IF(Dados!C160=0,"",Dados!C160) | H174: =IF(Dados!B160=0,"",Dados!B160) | J174: =IF(VLOOKUP(CONCATENATE($H174,$E174,O174),Dados!$A$154:$N$1094,5,0)=0,"",VLOOKUP(CONCATENATE($H174,$E174,O174),Dados!$A$154:$N$1094,5,0)) | O174: =IF(Dados!F160=0,"",Dados!F160) | U174: =IFERROR(VLOOKUP($H174,Contratos!B13:E30006,4,0),"") | W174: =IF(VLOOKUP(CONCATENATE($H174,$E174,O174),Dados!$A$154:$N$1094,7,0)=0,"",VLOOKUP(CONCATENATE($H174,$E174,O174),Dados!$A$154:$N$1094,7,0)) | X174: =IF(VLOOKUP(CONCATENATE($H174,$E174,O174),Dados!$A$154:$N$1094,8,0)=0,"",VLOOKUP(CONCATENATE($H174,$E174,O174),Dados!$A$154:$N$1094,8,0)) | Z174: =IF(VLOOKUP(CONCATENATE($H174,$E174,O174),Dados!$A$154:$N$1094,9,0)=0,"",VLOOKUP(CONCATENATE($H174,$E174,O174),Dados!$A$154:$N$1094,9,0)) | AC174: =IF(VLOOKUP(CONCATENATE($H174,$E174,O174),Dados!$A$154:$N$1094,10,0)=0,"",VLOOKUP(CONCATENATE($H174,$E174,O174),Dados!$A$154:$N$1094,10,0)) | AD174: =IF(VLOOKUP(CONCATENATE($H174,$E174,O174),Dados!$A$154:$N$1094,11,0)=0,"",VLOOKUP(CONCATENATE($H174,$E174,O174),Dados!$A$154:$N$1094,11,0)) | AE174: =IF(VLOOKUP(CONCATENATE($H174,$E174,O174),Dados!$A$154:$N$1094,12,0)=0,"",VLOOKUP(CONCATENATE($H174,$E174,O174),Dados!$A$154:$N$1094,12,0)) | AG174: =IF(VLOOKUP(CONCATENATE($H174,$E174,O174),Dados!$A$154:$N$1094,13,0)=0,"",VLOOKUP(CONCATENATE($H174,$E174,O174),Dados!$A$154:$N$1094,13,0)) | AH174: =IF(VLOOKUP(CONCATENATE($H174,$E174,O174),Dados!$A$154:$N$1094,14,0)=0,"",VLOOKUP(CONCATENATE($H174,$E174,O174),Dados!$A$154:$N$1094,14,0)) | AJ174: =IFERROR(AH174/AC174,"")
E175: =IF(Dados!C161=0,"",Dados!C161) | H175: =IF(Dados!B161=0,"",Dados!B161) | J175: =IF(VLOOKUP(CONCATENATE($H175,$E175,O175),Dados!$A$154:$N$1094,5,0)=0,"",VLOOKUP(CONCATENATE($H175,$E175,O175),Dados!$A$154:$N$1094,5,0)) | O175: =IF(Dados!F161=0,"",Dados!F161) | U175: =IFERROR(VLOOKUP($H175,Contratos!B14:E30007,4,0),"") | W175: =IF(VLOOKUP(CONCATENATE($H175,$E175,O175),Dados!$A$154:$N$1094,7,0)=0,"",VLOOKUP(CONCATENATE($H175,$E175,O175),Dados!$A$154:$N$1094,7,0)) | X175: =IF(VLOOKUP(CONCATENATE($H175,$E175,O175),Dados!$A$154:$N$1094,8,0)=0,"",VLOOKUP(CONCATENATE($H175,$E175,O175),Dados!$A$154:$N$1094,8,0)) | Z175: =IF(VLOOKUP(CONCATENATE($H175,$E175,O175),Dados!$A$154:$N$1094,9,0)=0,"",VLOOKUP(CONCATENATE($H175,$E175,O175),Dados!$A$154:$N$1094,9,0)) | AC175: =IF(VLOOKUP(CONCATENATE($H175,$E175,O175),Dados!$A$154:$N$1094,10,0)=0,"",VLOOKUP(CONCATENATE($H175,$E175,O175),Dados!$A$154:$N$1094,10,0)) | AD175: =IF(VLOOKUP(CONCATENATE($H175,$E175,O175),Dados!$A$154:$N$1094,11,0)=0,"",VLOOKUP(CONCATENATE($H175,$E175,O175),Dados!$A$154:$N$1094,11,0)) | AE175: =IF(VLOOKUP(CONCATENATE($H175,$E175,O175),Dados!$A$154:$N$1094,12,0)=0,"",VLOOKUP(CONCATENATE($H175,$E175,O175),Dados!$A$154:$N$1094,12,0)) | AG175: =IF(VLOOKUP(CONCATENATE($H175,$E175,O175),Dados!$A$154:$N$1094,13,0)=0,"",VLOOKUP(CONCATENATE($H175,$E175,O175),Dados!$A$154:$N$1094,13,0)) | AH175: =IF(VLOOKUP(CONCATENATE($H175,$E175,O175),Dados!$A$154:$N$1094,14,0)=0,"",VLOOKUP(CONCATENATE($H175,$E175,O175),Dados!$A$154:$N$1094,14,0)) | AJ175: =IFERROR(AH175/AC175,"")
E176: =IF(Dados!C162=0,"",Dados!C162) | H176: =IF(Dados!B162=0,"",Dados!B162) | J176: =IF(VLOOKUP(CONCATENATE($H176,$E176,O176),Dados!$A$154:$N$1094,5,0)=0,"",VLOOKUP(CONCATENATE($H176,$E176,O176),Dados!$A$154:$N$1094,5,0)) | O176: =IF(Dados!F162=0,"",Dados!F162) | U176: =IFERROR(VLOOKUP($H176,Contratos!B15:E30008,4,0),"") | W176: =IF(VLOOKUP(CONCATENATE($H176,$E176,O176),Dados!$A$154:$N$1094,7,0)=0,"",VLOOKUP(CONCATENATE($H176,$E176,O176),Dados!$A$154:$N$1094,7,0)) | X176: =IF(VLOOKUP(CONCATENATE($H176,$E176,O176),Dados!$A$154:$N$1094,8,0)=0,"",VLOOKUP(CONCATENATE($H176,$E176,O176),Dados!$A$154:$N$1094,8,0)) | Z176: =IF(VLOOKUP(CONCATENATE($H176,$E176,O176),Dados!$A$154:$N$1094,9,0)=0,"",VLOOKUP(CONCATENATE($H176,$E176,O176),Dados!$A$154:$N$1094,9,0)) | AC176: =IF(VLOOKUP(CONCATENATE($H176,$E176,O176),Dados!$A$154:$N$1094,10,0)=0,"",VLOOKUP(CONCATENATE($H176,$E176,O176),Dados!$A$154:$N$1094,10,0)) | AD176: =IF(VLOOKUP(CONCATENATE($H176,$E176,O176),Dados!$A$154:$N$1094,11,0)=0,"",VLOOKUP(CONCATENATE($H176,$E176,O176),Dados!$A$154:$N$1094,11,0)) | AE176: =IF(VLOOKUP(CONCATENATE($H176,$E176,O176),Dados!$A$154:$N$1094,12,0)=0,"",VLOOKUP(CONCATENATE($H176,$E176,O176),Dados!$A$154:$N$1094,12,0)) | AG176: =IF(VLOOKUP(CONCATENATE($H176,$E176,O176),Dados!$A$154:$N$1094,13,0)=0,"",VLOOKUP(CONCATENATE($H176,$E176,O176),Dados!$A$154:$N$1094,13,0)) | AH176: =IF(VLOOKUP(CONCATENATE($H176,$E176,O176),Dados!$A$154:$N$1094,14,0)=0,"",VLOOKUP(CONCATENATE($H176,$E176,O176),Dados!$A$154:$N$1094,14,0)) | AJ176: =IFERROR(AH176/AC176,"")
E177: =IF(Dados!C163=0,"",Dados!C163) | H177: =IF(Dados!B163=0,"",Dados!B163) | J177: =IF(VLOOKUP(CONCATENATE($H177,$E177,O177),Dados!$A$154:$N$1094,5,0)=0,"",VLOOKUP(CONCATENATE($H177,$E177,O177),Dados!$A$154:$N$1094,5,0)) | O177: =IF(Dados!F163=0,"",Dados!F163) | U177: =IFERROR(VLOOKUP($H177,Contratos!B16:E30009,4,0),"") | W177: =IF(VLOOKUP(CONCATENATE($H177,$E177,O177),Dados!$A$154:$N$1094,7,0)=0,"",VLOOKUP(CONCATENATE($H177,$E177,O177),Dados!$A$154:$N$1094,7,0)) | X177: =IF(VLOOKUP(CONCATENATE($H177,$E177,O177),Dados!$A$154:$N$1094,8,0)=0,"",VLOOKUP(CONCATENATE($H177,$E177,O177),Dados!$A$154:$N$1094,8,0)) | Z177: =IF(VLOOKUP(CONCATENATE($H177,$E177,O177),Dados!$A$154:$N$1094,9,0)=0,"",VLOOKUP(CONCATENATE($H177,$E177,O177),Dados!$A$154:$N$1094,9,0)) | AC177: =IF(VLOOKUP(CONCATENATE($H177,$E177,O177),Dados!$A$154:$N$1094,10,0)=0,"",VLOOKUP(CONCATENATE($H177,$E177,O177),Dados!$A$154:$N$1094,10,0)) | AD177: =IF(VLOOKUP(CONCATENATE($H177,$E177,O177),Dados!$A$154:$N$1094,11,0)=0,"",VLOOKUP(CONCATENATE($H177,$E177,O177),Dados!$A$154:$N$1094,11,0)) | AE177: =IF(VLOOKUP(CONCATENATE($H177,$E177,O177),Dados!$A$154:$N$1094,12,0)=0,"",VLOOKUP(CONCATENATE($H177,$E177,O177),Dados!$A$154:$N$1094,12,0)) | AG177: =IF(VLOOKUP(CONCATENATE($H177,$E177,O177),Dados!$A$154:$N$1094,13,0)=0,"",VLOOKUP(CONCATENATE($H177,$E177,O177),Dados!$A$154:$N$1094,13,0)) | AH177: =IF(VLOOKUP(CONCATENATE($H177,$E177,O177),Dados!$A$154:$N$1094,14,0)=0,"",VLOOKUP(CONCATENATE($H177,$E177,O177),Dados!$A$154:$N$1094,14,0)) | AJ177: =IFERROR(AH177/AC177,"")
E178: =IF(Dados!C164=0,"",Dados!C164) | H178: =IF(Dados!B164=0,"",Dados!B164) | J178: =IF(VLOOKUP(CONCATENATE($H178,$E178,O178),Dados!$A$154:$N$1094,5,0)=0,"",VLOOKUP(CONCATENATE($H178,$E178,O178),Dados!$A$154:$N$1094,5,0)) | O178: =IF(Dados!F164=0,"",Dados!F164) | U178: =IFERROR(VLOOKUP($H178,Contratos!B17:E30010,4,0),"") | W178: =IF(VLOOKUP(CONCATENATE($H178,$E178,O178),Dados!$A$154:$N$1094,7,0)=0,"",VLOOKUP(CONCATENATE($H178,$E178,O178),Dados!$A$154:$N$1094,7,0)) | X178: =IF(VLOOKUP(CONCATENATE($H178,$E178,O178),Dados!$A$154:$N$1094,8,0)=0,"",VLOOKUP(CONCATENATE($H178,$E178,O178),Dados!$A$154:$N$1094,8,0)) | Z178: =IF(VLOOKUP(CONCATENATE($H178,$E178,O178),Dados!$A$154:$N$1094,9,0)=0,"",VLOOKUP(CONCATENATE($H178,$E178,O178),Dados!$A$154:$N$1094,9,0)) | AC178: =IF(VLOOKUP(CONCATENATE($H178,$E178,O178),Dados!$A$154:$N$1094,10,0)=0,"",VLOOKUP(CONCATENATE($H178,$E178,O178),Dados!$A$154:$N$1094,10,0)) | AD178: =IF(VLOOKUP(CONCATENATE($H178,$E178,O178),Dados!$A$154:$N$1094,11,0)=0,"",VLOOKUP(CONCATENATE($H178,$E178,O178),Dados!$A$154:$N$1094,11,0)) | AE178: =IF(VLOOKUP(CONCATENATE($H178,$E178,O178),Dados!$A$154:$N$1094,12,0)=0,"",VLOOKUP(CONCATENATE($H178,$E178,O178),Dados!$A$154:$N$1094,12,0)) | AG178: =IF(VLOOKUP(CONCATENATE($H178,$E178,O178),Dados!$A$154:$N$1094,13,0)=0,"",VLOOKUP(CONCATENATE($H178,$E178,O178),Dados!$A$154:$N$1094,13,0)) | AH178: =IF(VLOOKUP(CONCATENATE($H178,$E178,O178),Dados!$A$154:$N$1094,14,0)=0,"",VLOOKUP(CONCATENATE($H178,$E178,O178),Dados!$A$154:$N$1094,14,0)) | AJ178: =IFERROR(AH178/AC178,"")
E179: =IF(Dados!C165=0,"",Dados!C165) | H179: =IF(Dados!B165=0,"",Dados!B165) | J179: =IF(VLOOKUP(CONCATENATE($H179,$E179,O179),Dados!$A$154:$N$1094,5,0)=0,"",VLOOKUP(CONCATENATE($H179,$E179,O179),Dados!$A$154:$N$1094,5,0)) | O179: =IF(Dados!F165=0,"",Dados!F165) | U179: =IFERROR(VLOOKUP($H179,Contratos!B18:E30011,4,0),"") | W179: =IF(VLOOKUP(CONCATENATE($H179,$E179,O179),Dados!$A$154:$N$1094,7,0)=0,"",VLOOKUP(CONCATENATE($H179,$E179,O179),Dados!$A$154:$N$1094,7,0)) | X179: =IF(VLOOKUP(CONCATENATE($H179,$E179,O179),Dados!$A$154:$N$1094,8,0)=0,"",VLOOKUP(CONCATENATE($H179,$E179,O179),Dados!$A$154:$N$1094,8,0)) | Z179: =IF(VLOOKUP(CONCATENATE($H179,$E179,O179),Dados!$A$154:$N$1094,9,0)=0,"",VLOOKUP(CONCATENATE($H179,$E179,O179),Dados!$A$154:$N$1094,9,0)) | AC179: =IF(VLOOKUP(CONCATENATE($H179,$E179,O179),Dados!$A$154:$N$1094,10,0)=0,"",VLOOKUP(CONCATENATE($H179,$E179,O179),Dados!$A$154:$N$1094,10,0)) | AD179: =IF(VLOOKUP(CONCATENATE($H179,$E179,O179),Dados!$A$154:$N$1094,11,0)=0,"",VLOOKUP(CONCATENATE($H179,$E179,O179),Dados!$A$154:$N$1094,11,0)) | AE179: =IF(VLOOKUP(CONCATENATE($H179,$E179,O179),Dados!$A$154:$N$1094,12,0)=0,"",VLOOKUP(CONCATENATE($H179,$E179,O179),Dados!$A$154:$N$1094,12,0)) | AG179: =IF(VLOOKUP(CONCATENATE($H179,$E179,O179),Dados!$A$154:$N$1094,13,0)=0,"",VLOOKUP(CONCATENATE($H179,$E179,O179),Dados!$A$154:$N$1094,13,0)) | AH179: =IF(VLOOKUP(CONCATENATE($H179,$E179,O179),Dados!$A$154:$N$1094,14,0)=0,"",VLOOKUP(CONCATENATE($H179,$E179,O179),Dados!$A$154:$N$1094,14,0)) | AJ179: =IFERROR(AH179/AC179,"")
E180: =IF(Dados!C176=0,"",Dados!C176) | H180: =IF(Dados!B176=0,"",Dados!B176) | J180: =IF(VLOOKUP(CONCATENATE($H180,$E180,O180),Dados!$A$154:$N$1094,5,0)=0,"",VLOOKUP(CONCATENATE($H180,$E180,O180),Dados!$A$154:$N$1094,5,0)) | O180: =IF(Dados!F176=0,"",Dados!F176) | U180: =IFERROR(VLOOKUP($H180,Contratos!B29:E30022,4,0),"") | W180: =IF(VLOOKUP(CONCATENATE($H180,$E180,O180),Dados!$A$154:$N$1094,7,0)=0,"",VLOOKUP(CONCATENATE($H180,$E180,O180),Dados!$A$154:$N$1094,7,0)) | X180: =IF(VLOOKUP(CONCATENATE($H180,$E180,O180),Dados!$A$154:$N$1094,8,0)=0,"",VLOOKUP(CONCATENATE($H180,$E180,O180),Dados!$A$154:$N$1094,8,0)) | Z180: =IF(VLOOKUP(CONCATENATE($H180,$E180,O180),Dados!$A$154:$N$1094,9,0)=0,"",VLOOKUP(CONCATENATE($H180,$E180,O180),Dados!$A$154:$N$1094,9,0)) | AC180: =IF(VLOOKUP(CONCATENATE($H180,$E180,O180),Dados!$A$154:$N$1094,10,0)=0,"",VLOOKUP(CONCATENATE($H180,$E180,O180),Dados!$A$154:$N$1094,10,0)) | AD180: =IF(VLOOKUP(CONCATENATE($H180,$E180,O180),Dados!$A$154:$N$1094,11,0)=0,"",VLOOKUP(CONCATENATE($H180,$E180,O180),Dados!$A$154:$N$1094,11,0)) | AE180: =IF(VLOOKUP(CONCATENATE($H180,$E180,O180),Dados!$A$154:$N$1094,12,0)=0,"",VLOOKUP(CONCATENATE($H180,$E180,O180),Dados!$A$154:$N$1094,12,0)) | AG180: =IF(VLOOKUP(CONCATENATE($H180,$E180,O180),Dados!$A$154:$N$1094,13,0)=0,"",VLOOKUP(CONCATENATE($H180,$E180,O180),Dados!$A$154:$N$1094,13,0)) | AH180: =IF(VLOOKUP(CONCATENATE($H180,$E180,O180),Dados!$A$154:$N$1094,14,0)=0,"",VLOOKUP(CONCATENATE($H180,$E180,O180),Dados!$A$154:$N$1094,14,0)) | AJ180: =IFERROR(AH180/AC180,"")
E181: =IF(Dados!C177=0,"",Dados!C177) | H181: =IF(Dados!B177=0,"",Dados!B177) | J181: =IF(VLOOKUP(CONCATENATE($H181,$E181,O181),Dados!$A$154:$N$1094,5,0)=0,"",VLOOKUP(CONCATENATE($H181,$E181,O181),Dados!$A$154:$N$1094,5,0)) | O181: =IF(Dados!F177=0,"",Dados!F177) | U181: =IFERROR(VLOOKUP($H181,Contratos!B30:E30023,4,0),"") | W181: =IF(VLOOKUP(CONCATENATE($H181,$E181,O181),Dados!$A$154:$N$1094,7,0)=0,"",VLOOKUP(CONCATENATE($H181,$E181,O181),Dados!$A$154:$N$1094,7,0)) | X181: =IF(VLOOKUP(CONCATENATE($H181,$E181,O181),Dados!$A$154:$N$1094,8,0)=0,"",VLOOKUP(CONCATENATE($H181,$E181,O181),Dados!$A$154:$N$1094,8,0)) | Z181: =IF(VLOOKUP(CONCATENATE($H181,$E181,O181),Dados!$A$154:$N$1094,9,0)=0,"",VLOOKUP(CONCATENATE($H181,$E181,O181),Dados!$A$154:$N$1094,9,0)) | AC181: =IF(VLOOKUP(CONCATENATE($H181,$E181,O181),Dados!$A$154:$N$1094,10,0)=0,"",VLOOKUP(CONCATENATE($H181,$E181,O181),Dados!$A$154:$N$1094,10,0)) | AD181: =IF(VLOOKUP(CONCATENATE($H181,$E181,O181),Dados!$A$154:$N$1094,11,0)=0,"",VLOOKUP(CONCATENATE($H181,$E181,O181),Dados!$A$154:$N$1094,11,0)) | AE181: =IF(VLOOKUP(CONCATENATE($H181,$E181,O181),Dados!$A$154:$N$1094,12,0)=0,"",VLOOKUP(CONCATENATE($H181,$E181,O181),Dados!$A$154:$N$1094,12,0)) | AG181: =IF(VLOOKUP(CONCATENATE($H181,$E181,O181),Dados!$A$154:$N$1094,13,0)=0,"",VLOOKUP(CONCATENATE($H181,$E181,O181),Dados!$A$154:$N$1094,13,0)) | AH181: =IF(VLOOKUP(CONCATENATE($H181,$E181,O181),Dados!$A$154:$N$1094,14,0)=0,"",VLOOKUP(CONCATENATE($H181,$E181,O181),Dados!$A$154:$N$1094,14,0)) | AJ181: =IFERROR(AH181/AC181,"")
E182: =IF(Dados!C178=0,"",Dados!C178) | H182: =IF(Dados!B178=0,"",Dados!B178) | J182: =IF(VLOOKUP(CONCATENATE($H182,$E182,O182),Dados!$A$154:$N$1094,5,0)=0,"",VLOOKUP(CONCATENATE($H182,$E182,O182),Dados!$A$154:$N$1094,5,0)) | O182: =IF(Dados!F178=0,"",Dados!F178) | U182: =IFERROR(VLOOKUP($H182,Contratos!B31:E30024,4,0),"") | W182: =IF(VLOOKUP(CONCATENATE($H182,$E182,O182),Dados!$A$154:$N$1094,7,0)=0,"",VLOOKUP(CONCATENATE($H182,$E182,O182),Dados!$A$154:$N$1094,7,0)) | X182: =IF(VLOOKUP(CONCATENATE($H182,$E182,O182),Dados!$A$154:$N$1094,8,0)=0,"",VLOOKUP(CONCATENATE($H182,$E182,O182),Dados!$A$154:$N$1094,8,0)) | Z182: =IF(VLOOKUP(CONCATENATE($H182,$E182,O182),Dados!$A$154:$N$1094,9,0)=0,"",VLOOKUP(CONCATENATE($H182,$E182,O182),Dados!$A$154:$N$1094,9,0)) | AC182: =IF(VLOOKUP(CONCATENATE($H182,$E182,O182),Dados!$A$154:$N$1094,10,0)=0,"",VLOOKUP(CONCATENATE($H182,$E182,O182),Dados!$A$154:$N$1094,10,0)) | AD182: =IF(VLOOKUP(CONCATENATE($H182,$E182,O182),Dados!$A$154:$N$1094,11,0)=0,"",VLOOKUP(CONCATENATE($H182,$E182,O182),Dados!$A$154:$N$1094,11,0)) | AE182: =IF(VLOOKUP(CONCATENATE($H182,$E182,O182),Dados!$A$154:$N$1094,12,0)=0,"",VLOOKUP(CONCATENATE($H182,$E182,O182),Dados!$A$154:$N$1094,12,0)) | AG182: =IF(VLOOKUP(CONCATENATE($H182,$E182,O182),Dados!$A$154:$N$1094,13,0)=0,"",VLOOKUP(CONCATENATE($H182,$E182,O182),Dados!$A$154:$N$1094,13,0)) | AH182: =IF(VLOOKUP(CONCATENATE($H182,$E182,O182),Dados!$A$154:$N$1094,14,0)=0,"",VLOOKUP(CONCATENATE($H182,$E182,O182),Dados!$A$154:$N$1094,14,0)) | AJ182: =IFERROR(AH182/AC182,"")
E183: =IF(Dados!C179=0,"",Dados!C179) | H183: =IF(Dados!B179=0,"",Dados!B179) | J183: =IF(VLOOKUP(CONCATENATE($H183,$E183,O183),Dados!$A$154:$N$1094,5,0)=0,"",VLOOKUP(CONCATENATE($H183,$E183,O183),Dados!$A$154:$N$1094,5,0)) | O183: =IF(Dados!F179=0,"",Dados!F179) | U183: =IFERROR(VLOOKUP($H183,Contratos!B32:E30025,4,0),"") | W183: =IF(VLOOKUP(CONCATENATE($H183,$E183,O183),Dados!$A$154:$N$1094,7,0)=0,"",VLOOKUP(CONCATENATE($H183,$E183,O183),Dados!$A$154:$N$1094,7,0)) | X183: =IF(VLOOKUP(CONCATENATE($H183,$E183,O183),Dados!$A$154:$N$1094,8,0)=0,"",VLOOKUP(CONCATENATE($H183,$E183,O183),Dados!$A$154:$N$1094,8,0)) | Z183: =IF(VLOOKUP(CONCATENATE($H183,$E183,O183),Dados!$A$154:$N$1094,9,0)=0,"",VLOOKUP(CONCATENATE($H183,$E183,O183),Dados!$A$154:$N$1094,9,0)) | AC183: =IF(VLOOKUP(CONCATENATE($H183,$E183,O183),Dados!$A$154:$N$1094,10,0)=0,"",VLOOKUP(CONCATENATE($H183,$E183,O183),Dados!$A$154:$N$1094,10,0)) | AD183: =IF(VLOOKUP(CONCATENATE($H183,$E183,O183),Dados!$A$154:$N$1094,11,0)=0,"",VLOOKUP(CONCATENATE($H183,$E183,O183),Dados!$A$154:$N$1094,11,0)) | AE183: =IF(VLOOKUP(CONCATENATE($H183,$E183,O183),Dados!$A$154:$N$1094,12,0)=0,"",VLOOKUP(CONCATENATE($H183,$E183,O183),Dados!$A$154:$N$1094,12,0)) | AG183: =IF(VLOOKUP(CONCATENATE($H183,$E183,O183),Dados!$A$154:$N$1094,13,0)=0,"",VLOOKUP(CONCATENATE($H183,$E183,O183),Dados!$A$154:$N$1094,13,0)) | AH183: =IF(VLOOKUP(CONCATENATE($H183,$E183,O183),Dados!$A$154:$N$1094,14,0)=0,"",VLOOKUP(CONCATENATE($H183,$E183,O183),Dados!$A$154:$N$1094,14,0)) | AJ183: =IFERROR(AH183/AC183,"")
E184: =IF(Dados!C180=0,"",Dados!C180) | H184: =IF(Dados!B180=0,"",Dados!B180) | J184: =IF(VLOOKUP(CONCATENATE($H184,$E184,O184),Dados!$A$154:$N$1094,5,0)=0,"",VLOOKUP(CONCATENATE($H184,$E184,O184),Dados!$A$154:$N$1094,5,0)) | O184: =IF(Dados!F180=0,"",Dados!F180) | U184: =IFERROR(VLOOKUP($H184,Contratos!B33:E30026,4,0),"") | W184: =IF(VLOOKUP(CONCATENATE($H184,$E184,O184),Dados!$A$154:$N$1094,7,0)=0,"",VLOOKUP(CONCATENATE($H184,$E184,O184),Dados!$A$154:$N$1094,7,0)) | X184: =IF(VLOOKUP(CONCATENATE($H184,$E184,O184),Dados!$A$154:$N$1094,8,0)=0,"",VLOOKUP(CONCATENATE($H184,$E184,O184),Dados!$A$154:$N$1094,8,0)) | Z184: =IF(VLOOKUP(CONCATENATE($H184,$E184,O184),Dados!$A$154:$N$1094,9,0)=0,"",VLOOKUP(CONCATENATE($H184,$E184,O184),Dados!$A$154:$N$1094,9,0)) | AC184: =IF(VLOOKUP(CONCATENATE($H184,$E184,O184),Dados!$A$154:$N$1094,10,0)=0,"",VLOOKUP(CONCATENATE($H184,$E184,O184),Dados!$A$154:$N$1094,10,0)) | AD184: =IF(VLOOKUP(CONCATENATE($H184,$E184,O184),Dados!$A$154:$N$1094,11,0)=0,"",VLOOKUP(CONCATENATE($H184,$E184,O184),Dados!$A$154:$N$1094,11,0)) | AE184: =IF(VLOOKUP(CONCATENATE($H184,$E184,O184),Dados!$A$154:$N$1094,12,0)=0,"",VLOOKUP(CONCATENATE($H184,$E184,O184),Dados!$A$154:$N$1094,12,0)) | AG184: =IF(VLOOKUP(CONCATENATE($H184,$E184,O184),Dados!$A$154:$N$1094,13,0)=0,"",VLOOKUP(CONCATENATE($H184,$E184,O184),Dados!$A$154:$N$1094,13,0)) | AH184: =IF(VLOOKUP(CONCATENATE($H184,$E184,O184),Dados!$A$154:$N$1094,14,0)=0,"",VLOOKUP(CONCATENATE($H184,$E184,O184),Dados!$A$154:$N$1094,14,0)) | AJ184: =IFERROR(AH184/AC184,"")
E185: =IF(Dados!C181=0,"",Dados!C181) | H185: =IF(Dados!B181=0,"",Dados!B181) | J185: =IF(VLOOKUP(CONCATENATE($H185,$E185,O185),Dados!$A$154:$N$1094,5,0)=0,"",VLOOKUP(CONCATENATE($H185,$E185,O185),Dados!$A$154:$N$1094,5,0)) | O185: =IF(Dados!F181=0,"",Dados!F181) | U185: =IFERROR(VLOOKUP($H185,Contratos!B34:E30027,4,0),"") | W185: =IF(VLOOKUP(CONCATENATE($H185,$E185,O185),Dados!$A$154:$N$1094,7,0)=0,"",VLOOKUP(CONCATENATE($H185,$E185,O185),Dados!$A$154:$N$1094,7,0)) | X185: =IF(VLOOKUP(CONCATENATE($H185,$E185,O185),Dados!$A$154:$N$1094,8,0)=0,"",VLOOKUP(CONCATENATE($H185,$E185,O185),Dados!$A$154:$N$1094,8,0)) | Z185: =IF(VLOOKUP(CONCATENATE($H185,$E185,O185),Dados!$A$154:$N$1094,9,0)=0,"",VLOOKUP(CONCATENATE($H185,$E185,O185),Dados!$A$154:$N$1094,9,0)) | AC185: =IF(VLOOKUP(CONCATENATE($H185,$E185,O185),Dados!$A$154:$N$1094,10,0)=0,"",VLOOKUP(CONCATENATE($H185,$E185,O185),Dados!$A$154:$N$1094,10,0)) | AD185: =IF(VLOOKUP(CONCATENATE($H185,$E185,O185),Dados!$A$154:$N$1094,11,0)=0,"",VLOOKUP(CONCATENATE($H185,$E185,O185),Dados!$A$154:$N$1094,11,0)) | AE185: =IF(VLOOKUP(CONCATENATE($H185,$E185,O185),Dados!$A$154:$N$1094,12,0)=0,"",VLOOKUP(CONCATENATE($H185,$E185,O185),Dados!$A$154:$N$1094,12,0)) | AG185: =IF(VLOOKUP(CONCATENATE($H185,$E185,O185),Dados!$A$154:$N$1094,13,0)=0,"",VLOOKUP(CONCATENATE($H185,$E185,O185),Dados!$A$154:$N$1094,13,0)) | AH185: =IF(VLOOKUP(CONCATENATE($H185,$E185,O185),Dados!$A$154:$N$1094,14,0)=0,"",VLOOKUP(CONCATENATE($H185,$E185,O185),Dados!$A$154:$N$1094,14,0)) | AJ185: =IFERROR(AH185/AC185,"")
E186: =IF(Dados!C182=0,"",Dados!C182) | H186: =IF(Dados!B182=0,"",Dados!B182) | J186: =IF(VLOOKUP(CONCATENATE($H186,$E186,O186),Dados!$A$154:$N$1094,5,0)=0,"",VLOOKUP(CONCATENATE($H186,$E186,O186),Dados!$A$154:$N$1094,5,0)) | O186: =IF(Dados!F182=0,"",Dados!F182) | U186: =IFERROR(VLOOKUP($H186,Contratos!B35:E30028,4,0),"") | W186: =IF(VLOOKUP(CONCATENATE($H186,$E186,O186),Dados!$A$154:$N$1094,7,0)=0,"",VLOOKUP(CONCATENATE($H186,$E186,O186),Dados!$A$154:$N$1094,7,0)) | X186: =IF(VLOOKUP(CONCATENATE($H186,$E186,O186),Dados!$A$154:$N$1094,8,0)=0,"",VLOOKUP(CONCATENATE($H186,$E186,O186),Dados!$A$154:$N$1094,8,0)) | Z186: =IF(VLOOKUP(CONCATENATE($H186,$E186,O186),Dados!$A$154:$N$1094,9,0)=0,"",VLOOKUP(CONCATENATE($H186,$E186,O186),Dados!$A$154:$N$1094,9,0)) | AC186: =IF(VLOOKUP(CONCATENATE($H186,$E186,O186),Dados!$A$154:$N$1094,10,0)=0,"",VLOOKUP(CONCATENATE($H186,$E186,O186),Dados!$A$154:$N$1094,10,0)) | AD186: =IF(VLOOKUP(CONCATENATE($H186,$E186,O186),Dados!$A$154:$N$1094,11,0)=0,"",VLOOKUP(CONCATENATE($H186,$E186,O186),Dados!$A$154:$N$1094,11,0)) | AE186: =IF(VLOOKUP(CONCATENATE($H186,$E186,O186),Dados!$A$154:$N$1094,12,0)=0,"",VLOOKUP(CONCATENATE($H186,$E186,O186),Dados!$A$154:$N$1094,12,0)) | AG186: =IF(VLOOKUP(CONCATENATE($H186,$E186,O186),Dados!$A$154:$N$1094,13,0)=0,"",VLOOKUP(CONCATENATE($H186,$E186,O186),Dados!$A$154:$N$1094,13,0)) | AH186: =IF(VLOOKUP(CONCATENATE($H186,$E186,O186),Dados!$A$154:$N$1094,14,0)=0,"",VLOOKUP(CONCATENATE($H186,$E186,O186),Dados!$A$154:$N$1094,14,0)) | AJ186: =IFERROR(AH186/AC186,"")
E187: =IF(Dados!C183=0,"",Dados!C183) | H187: =IF(Dados!B183=0,"",Dados!B183) | J187: =IF(VLOOKUP(CONCATENATE($H187,$E187,O187),Dados!$A$154:$N$1094,5,0)=0,"",VLOOKUP(CONCATENATE($H187,$E187,O187),Dados!$A$154:$N$1094,5,0)) | O187: =IF(Dados!F183=0,"",Dados!F183) | U187: =IFERROR(VLOOKUP($H187,Contratos!B36:E30029,4,0),"") | W187: =IF(VLOOKUP(CONCATENATE($H187,$E187,O187),Dados!$A$154:$N$1094,7,0)=0,"",VLOOKUP(CONCATENATE($H187,$E187,O187),Dados!$A$154:$N$1094,7,0)) | X187: =IF(VLOOKUP(CONCATENATE($H187,$E187,O187),Dados!$A$154:$N$1094,8,0)=0,"",VLOOKUP(CONCATENATE($H187,$E187,O187),Dados!$A$154:$N$1094,8,0)) | Z187: =IF(VLOOKUP(CONCATENATE($H187,$E187,O187),Dados!$A$154:$N$1094,9,0)=0,"",VLOOKUP(CONCATENATE($H187,$E187,O187),Dados!$A$154:$N$1094,9,0)) | AC187: =IF(VLOOKUP(CONCATENATE($H187,$E187,O187),Dados!$A$154:$N$1094,10,0)=0,"",VLOOKUP(CONCATENATE($H187,$E187,O187),Dados!$A$154:$N$1094,10,0)) | AD187: =IF(VLOOKUP(CONCATENATE($H187,$E187,O187),Dados!$A$154:$N$1094,11,0)=0,"",VLOOKUP(CONCATENATE($H187,$E187,O187),Dados!$A$154:$N$1094,11,0)) | AE187: =IF(VLOOKUP(CONCATENATE($H187,$E187,O187),Dados!$A$154:$N$1094,12,0)=0,"",VLOOKUP(CONCATENATE($H187,$E187,O187),Dados!$A$154:$N$1094,12,0)) | AG187: =IF(VLOOKUP(CONCATENATE($H187,$E187,O187),Dados!$A$154:$N$1094,13,0)=0,"",VLOOKUP(CONCATENATE($H187,$E187,O187),Dados!$A$154:$N$1094,13,0)) | AH187: =IF(VLOOKUP(CONCATENATE($H187,$E187,O187),Dados!$A$154:$N$1094,14,0)=0,"",VLOOKUP(CONCATENATE($H187,$E187,O187),Dados!$A$154:$N$1094,14,0)) | AJ187: =IFERROR(AH187/AC187,"")
E188: =IF(Dados!C184=0,"",Dados!C184) | H188: =IF(Dados!B184=0,"",Dados!B184) | J188: =IF(VLOOKUP(CONCATENATE($H188,$E188,O188),Dados!$A$154:$N$1094,5,0)=0,"",VLOOKUP(CONCATENATE($H188,$E188,O188),Dados!$A$154:$N$1094,5,0)) | O188: =IF(Dados!F184=0,"",Dados!F184) | U188: =IFERROR(VLOOKUP($H188,Contratos!B37:E30030,4,0),"") | W188: =IF(VLOOKUP(CONCATENATE($H188,$E188,O188),Dados!$A$154:$N$1094,7,0)=0,"",VLOOKUP(CONCATENATE($H188,$E188,O188),Dados!$A$154:$N$1094,7,0)) | X188: =IF(VLOOKUP(CONCATENATE($H188,$E188,O188),Dados!$A$154:$N$1094,8,0)=0,"",VLOOKUP(CONCATENATE($H188,$E188,O188),Dados!$A$154:$N$1094,8,0)) | Z188: =IF(VLOOKUP(CONCATENATE($H188,$E188,O188),Dados!$A$154:$N$1094,9,0)=0,"",VLOOKUP(CONCATENATE($H188,$E188,O188),Dados!$A$154:$N$1094,9,0)) | AC188: =IF(VLOOKUP(CONCATENATE($H188,$E188,O188),Dados!$A$154:$N$1094,10,0)=0,"",VLOOKUP(CONCATENATE($H188,$E188,O188),Dados!$A$154:$N$1094,10,0)) | AD188: =IF(VLOOKUP(CONCATENATE($H188,$E188,O188),Dados!$A$154:$N$1094,11,0)=0,"",VLOOKUP(CONCATENATE($H188,$E188,O188),Dados!$A$154:$N$1094,11,0)) | AE188: =IF(VLOOKUP(CONCATENATE($H188,$E188,O188),Dados!$A$154:$N$1094,12,0)=0,"",VLOOKUP(CONCATENATE($H188,$E188,O188),Dados!$A$154:$N$1094,12,0)) | AG188: =IF(VLOOKUP(CONCATENATE($H188,$E188,O188),Dados!$A$154:$N$1094,13,0)=0,"",VLOOKUP(CONCATENATE($H188,$E188,O188),Dados!$A$154:$N$1094,13,0)) | AH188: =IF(VLOOKUP(CONCATENATE($H188,$E188,O188),Dados!$A$154:$N$1094,14,0)=0,"",VLOOKUP(CONCATENATE($H188,$E188,O188),Dados!$A$154:$N$1094,14,0)) | AJ188: =IFERROR(AH188/AC188,"")
E189: =IF(Dados!C185=0,"",Dados!C185) | H189: =IF(Dados!B185=0,"",Dados!B185) | J189: =IF(VLOOKUP(CONCATENATE($H189,$E189,O189),Dados!$A$154:$N$1094,5,0)=0,"",VLOOKUP(CONCATENATE($H189,$E189,O189),Dados!$A$154:$N$1094,5,0)) | O189: =IF(Dados!F185=0,"",Dados!F185) | U189: =IFERROR(VLOOKUP($H189,Contratos!B38:E30031,4,0),"") | W189: =IF(VLOOKUP(CONCATENATE($H189,$E189,O189),Dados!$A$154:$N$1094,7,0)=0,"",VLOOKUP(CONCATENATE($H189,$E189,O189),Dados!$A$154:$N$1094,7,0)) | X189: =IF(VLOOKUP(CONCATENATE($H189,$E189,O189),Dados!$A$154:$N$1094,8,0)=0,"",VLOOKUP(CONCATENATE($H189,$E189,O189),Dados!$A$154:$N$1094,8,0)) | Z189: =IF(VLOOKUP(CONCATENATE($H189,$E189,O189),Dados!$A$154:$N$1094,9,0)=0,"",VLOOKUP(CONCATENATE($H189,$E189,O189),Dados!$A$154:$N$1094,9,0)) | AC189: =IF(VLOOKUP(CONCATENATE($H189,$E189,O189),Dados!$A$154:$N$1094,10,0)=0,"",VLOOKUP(CONCATENATE($H189,$E189,O189),Dados!$A$154:$N$1094,10,0)) | AD189: =IF(VLOOKUP(CONCATENATE($H189,$E189,O189),Dados!$A$154:$N$1094,11,0)=0,"",VLOOKUP(CONCATENATE($H189,$E189,O189),Dados!$A$154:$N$1094,11,0)) | AE189: =IF(VLOOKUP(CONCATENATE($H189,$E189,O189),Dados!$A$154:$N$1094,12,0)=0,"",VLOOKUP(CONCATENATE($H189,$E189,O189),Dados!$A$154:$N$1094,12,0)) | AG189: =IF(VLOOKUP(CONCATENATE($H189,$E189,O189),Dados!$A$154:$N$1094,13,0)=0,"",VLOOKUP(CONCATENATE($H189,$E189,O189),Dados!$A$154:$N$1094,13,0)) | AH189: =IF(VLOOKUP(CONCATENATE($H189,$E189,O189),Dados!$A$154:$N$1094,14,0)=0,"",VLOOKUP(CONCATENATE($H189,$E189,O189),Dados!$A$154:$N$1094,14,0)) | AJ189: =IFERROR(AH189/AC189,"")
E190: =IF(Dados!C186=0,"",Dados!C186) | H190: =IF(Dados!B186=0,"",Dados!B186) | J190: =IF(VLOOKUP(CONCATENATE($H190,$E190,O190),Dados!$A$154:$N$1094,5,0)=0,"",VLOOKUP(CONCATENATE($H190,$E190,O190),Dados!$A$154:$N$1094,5,0)) | O190: =IF(Dados!F186=0,"",Dados!F186) | U190: =IFERROR(VLOOKUP($H190,Contratos!B39:E30032,4,0),"") | W190: =IF(VLOOKUP(CONCATENATE($H190,$E190,O190),Dados!$A$154:$N$1094,7,0)=0,"",VLOOKUP(CONCATENATE($H190,$E190,O190),Dados!$A$154:$N$1094,7,0)) | X190: =IF(VLOOKUP(CONCATENATE($H190,$E190,O190),Dados!$A$154:$N$1094,8,0)=0,"",VLOOKUP(CONCATENATE($H190,$E190,O190),Dados!$A$154:$N$1094,8,0)) | Z190: =IF(VLOOKUP(CONCATENATE($H190,$E190,O190),Dados!$A$154:$N$1094,9,0)=0,"",VLOOKUP(CONCATENATE($H190,$E190,O190),Dados!$A$154:$N$1094,9,0)) | AC190: =IF(VLOOKUP(CONCATENATE($H190,$E190,O190),Dados!$A$154:$N$1094,10,0)=0,"",VLOOKUP(CONCATENATE($H190,$E190,O190),Dados!$A$154:$N$1094,10,0)) | AD190: =IF(VLOOKUP(CONCATENATE($H190,$E190,O190),Dados!$A$154:$N$1094,11,0)=0,"",VLOOKUP(CONCATENATE($H190,$E190,O190),Dados!$A$154:$N$1094,11,0)) | AE190: =IF(VLOOKUP(CONCATENATE($H190,$E190,O190),Dados!$A$154:$N$1094,12,0)=0,"",VLOOKUP(CONCATENATE($H190,$E190,O190),Dados!$A$154:$N$1094,12,0)) | AG190: =IF(VLOOKUP(CONCATENATE($H190,$E190,O190),Dados!$A$154:$N$1094,13,0)=0,"",VLOOKUP(CONCATENATE($H190,$E190,O190),Dados!$A$154:$N$1094,13,0)) | AH190: =IF(VLOOKUP(CONCATENATE($H190,$E190,O190),Dados!$A$154:$N$1094,14,0)=0,"",VLOOKUP(CONCATENATE($H190,$E190,O190),Dados!$A$154:$N$1094,14,0)) | AJ190: =IFERROR(AH190/AC190,"")
E191: … | O191: =IF(Dados!F187=0,"",Dados!F187)
E192: Total | U192: =SUM(U168:V191) -> 0 | W192: =SUM(W168:W191) -> 0 | X192: =SUM(X168:Y191) -> 0 | Z192: =SUM(Z168:AB191) -> 0 | AD192: =SUM(AD168:AD191) -> 0 | AE192: =SUM(AE168:AF191) -> 0 | AG192: =SUM(AG168:AG191) -> 0 | AH192: =SUM(AH168:AI191) -> 0 | AJ192: =AH192/Z192 -> #DIV/0!
E195: ANÁLISE EXECUÇÃO POR CONTRATO
E207: 2.4 Complementaridade /articulação com outras fontes de financiamento nacionais ou comunitárias: Utilização de empréstimos BEI e Outras fontes de financiamento comunitárias
B214: 3- EXECUÇÃO FÍSICA DA OPERAÇÃO
E217: 3.1 Operações de natureza Infraestrutural ( infraestruturas/equipamentos/ outras intervenções infraestruturais)
R218: S/N
G219: Todas as intervenções previstas estão concluídas?
G221: Todas as intervenções concluída estão em exploração?
Y223: Infraestruturas que ainda não estão em funcionamento
E224: 3.1.1 Entrada em funcionamento das infraestruturas/outras intervençoes infraestruturais
E225: Infraestruturas Aprovadas | I225: Infraestruturas Executadas | N225: Quantidade aprovada | P225: Quantidade executada | Q225: Data de conclusão fisica das infraestruturas | T225: Data de entrada em funcionamento das infraestruturas | W225: Infraestruturas em fase de testes (Sim/Não) | Y225: Justificação para as infraestruturas que não estejam em funcionamento | AB225: Data prevista para a entrada em funcionamento da infraestrutura | AE225: Fotografias/documentos
AE227: Ref.ª
E233: 3.1.2 Entrada em funcionamento dos equipamentos
E234: Equipamentos Aprovadas | I234: Equipamentos Executados | N234: Quantidade aprovada | P234: Quantidade executada
E242: 3.2 Operações de natureza imaterial
R243: S/N
G244: Todas as ações previstas estão concluídas?
E247: Ações Aprovadas | I247: Ações Executadas | N247: Quantidade aprovada | P247: Quantidade executada
E254: 3.3 Condições de operação e manutenção das infraestruturas
E271: ANÁLISE EXECUÇÃO FÍSICA DA OPERAÇÃO E OPERACIONALIZAÇÃO
B286: 4 - RESULTADOS DA OPERAÇÃO
E288: 4.1 Contributo da operação para os resultados do Programa
C298: Código Indicador | G298: Designação Indicador | L298: Tipo | O298: Contratualizado | R298: Unidade Medida | T298: Valor Refª | U298: Meta Aprovada | W298: Numerador | X298: Denominador | Y298: Meta Executada | AA298: Numerador | AC298: Denominador | AD298: Ano alvo | AF298: Taxa de Cumprimento do Indicador | AG298: Justificação Desvios / Observações (Indexação para suporte documental)
W299: No caso de indicadores compostos | AA299: No caso de indicadores compostos | AD299: Previsto | AE299: Efetivo | AF299: (Meta executada/Meta aprovada)
AL300: R.04.03.05.P
AL301: R.04.03.06.P
AL302: R.06.01.04.P
AL303: O.04.05.01.G
AL304: R.AT.09.E
E309: Justificação para os desvios
E326: ANÁLISE DOS INDICADORES DE REALIZAÇÃO E RESULTADO
B339: 5 - QUESTÕES AMBIENTAIS/INSTRUMENTOS DE GESTÃO TERRITORIAL
E341: 5.1 Medidas Minimizadoras de Impacte Ambiental
F343: Medidas Adoptadas
E349: 5.2 Instrumentos de Gestão Territorial, Licenciamento Ambiental e Autorizações/Licenças/Pareceres aplicáveis para cumprimento da legislação em vigor
E353: 5.3 Licenciamentos/autorizações necessárias para a entrada em funcionamento da operação/ infraestrutura.
E359: ANÁLISE
...
